 Dungeon Crawl Stone Soup version 0.18.1-6-gd335043 (webtiles) character file.

169998 epen the Corrupter of Planes (level 17, -5/131 HPs)
             Began as a Demonspawn Abyssal Knight on May 20, 2016.
             Was the Champion of Lugonu.
             Killed from afar by a bog body (26 damage)
             ... with a bolt of cold
             ... on level 4 of the Swamp.
             The game lasted 01:34:51 (31663 turns).

epen the Corrupter of Planes (DsAK)                Turns: 31663, Time: 01:35:05

Health: -5/131     AC: 30    Str: 16    XL:     17   Next: 36%
Magic:  22/30      EV: 24    Int: 14    God:    Lugonu [******]
Gold:   3105       SH:  0    Dex: 19    Spells: 0 memorised, 16 levels left

rFire  + + .     SeeInvis +     v - +2 great sword (elec)
rCold  . . .     Gourm    .     i - +0 fire dragon armour
rNeg   . . .     Faith    .     (shield currently unavailable)
rPois  +         Spirit   .     w - +2 helmet
rElec  .         Dismiss  .     y - +2 cloak {rPois}
rCorr  .         Reflect  .     (no gloves)
SustAt .         Harm     .     X - +1 pair of boots
MR     +....                    a - amulet of regeneration
Stlth  +.........               p - +6 ring of slaying
                                M - +5 ring of protection

@: agile, slowed, very slow, somewhat resistant to hostile enchantments, very
unstealthy
A: hooves 2, iridescent scales 1, see invisible, cold resistance 1, sense
surroundings 1, poison resistance, powered by pain 1, regeneration 1, weak 1,
freezing cloud immunity, subdued magic 1, sturdy frame 1
a: Depart the Abyss, Bend Space, Banish, Corrupt, Enter the Abyss, Brand Weapon
With Distortion, Renounce Religion


You were on level 4 of the Swamp.
You worshipped Lugonu.
Lugonu was exalted by your worship.
You were very hungry.

You visited 4 branches of the dungeon, and saw 27 of its levels.
You visited the Abyss 1 time.
You also visited: Labyrinth, Ossuary, Ice Cave and Volcano.

You collected 3800 gold pieces.
You spent 695 gold pieces at shops.

Inventory:

Hand Weapons
 b - a +2 quick blade
 h - the +8 rapier "Sismeliv" {elec, Str+2}
   (You found it on level 4 of the Lair of Beasts)

   Occasionally, upon striking a foe, it will discharge some electrical energy
   and cause terrible harm.
   It affects your strength (+2).
 v - a +2 great sword of electrocution (weapon)
 T - a +2 scimitar of flaming
Armour
 i - a +0 fire dragon armour (worn)
 w - a +2 helmet (worn)
 y - a +2 cloak of poison resistance (worn)
 X - a +1 pair of boots (worn)
Jewellery
 a - an amulet of regeneration (around neck)
 p - a +6 ring of slaying (right hand)
 A - a +4 ring of strength
 J - an uncursed ring of protection from magic
 M - a +5 ring of protection (left hand)
Wands
 L - a wand of hasting (3/9)
 P - a wand of teleportation (5/9)
 W - a wand of digging (12/24)
Scrolls
 d - 3 scrolls of amnesia
 e - 9 scrolls of remove curse
 g - 6 scrolls of fog
 k - 5 scrolls of identify
 l - 3 scrolls of teleportation
 t - 6 scrolls of immolation
 z - a scroll of magic mapping
 E - 2 scrolls of enchant weapon
 F - a scroll of enchant armour
 K - a scroll of noise
 U - a scroll of fear
 Y - 2 scrolls of blinking
Potions
 f - a potion of heal wounds
 m - 5 potions of lignification
 n - 6 potions of brilliance
 o - 2 potions of cure mutation
 x - a potion of resistance
 C - a potion of haste
 D - a potion of magic
 H - 3 potions of berserk rage
 I - 22 potions of curing
 N - 4 potions of might
 O - 2 potions of flight
 R - 5 potions of agility
 S - 3 potions of invisibility
 V - 4 potions of ambrosia
Books
 r - a book of the Sky

   Spells                             Type                      Level
   a - Summon Lightning Spire         Summoning/Air                4
   b - Airstrike                      Air                          4
   c - Silence                        Hexes/Air                    5
   d - Deflect Missiles               Charms/Air                   6
   e - Conjure Ball Lightning         Conjuration/Air              6
   f - Tornado                        Air                          9
Miscellaneous
 s - a lamp of fire
 G - a sack of spiders
 Z - a box of beasts
Comestibles
 c - 15 bread rations
 j - 12 meat rations
 q - 4 beef jerkies
 u - a slice of pizza
 B - 33 fruits
 Q - 9 royal jellies


   Skills:
 + Level 11.3 Fighting
 * Level 13.7 Long Blades
 + Level 10.1 Armour
 * Level 13.2 Dodging
 * Level 18.3 Invocations
 + Level 9.1 Evocations


You had 16 spell levels left.
You didn't know any spells.

Dungeon Overview and Level Annotations

Branches:
Dungeon (13/15)            Temple (0/1) D:7            Lair (8/8) D:9
  Swamp (4/4) Lair:6        Snake (0/4) Lair:5        Slime (0/6) Lair:8
    Orc (2/2) D:12            Elf (0/3) Orc:2        Vaults (0/5) D:13

Altars:
Cheibriados
Dithmenos
Elyvilon
Fedhas
Makhleb
Ru
Sif Muna
Xom
Beogh

Shops:
D:4 }   D:10 ?   Orc:2 !!**

Annotations:
D:13 exclusion: ice statue
Swamp:4 corrupted
Abyss:1 Grinder, Maud, Pikel


Innate Abilities, Weirdness & Mutations

You have hoof-like feet.
You are partially covered in iridescent scales (AC +4).
Your flesh is cold resistant.
You sometimes gain a little power by taking damage.
You are immune to freezing clouds.
You have supernaturally acute eyesight.
You passively map a small area around you.
Your system is resistant to poisons.
Your natural rate of healing is unusually fast.
You are weak. (Str -2)
Your spells are a little easier to cast, but a little less powerful.
Your movements are slightly less encumbered by armour (ER -2).


Message History

The vampire mosquito closely misses the quasit.
Something barely misses the quasit.
Something touches the quasit.
Something freezes the quasit!
The quasit resists.
The swamp worm bites you but does no damage.
The alligator is engulfed in noxious fumes.
The alligator appears confused.
Unknown command.
Space bends sharply around you!
The alligator blinks!
The quasit blinks!
You blink.
* * * LOW HITPOINT WARNING * * *
You feel slightly more hungry.
The seven-headed hydra roars!
The vampire mosquito buzzes angrily.
Something tramples the swamp worm!
The swamp worm holds its ground!
Something closely misses the swamp worm.
The vampire mosquito bites the smoke demon.
Something hits the vampire mosquito.
Something hits the vampire mosquito but does no damage.
The bog body casts a spell at you. The bolt of cold hits you!
You die...

≈ ≈.≈§.≈.≈≈i.≈♣♣ *
≈≈.§w..≈≈≈... ≈
≈≈D....≈≈≈..♣ ≈
≈.≈ ..≈.≈.#≈≈..♣♣♣
≈ ≈≈.
.≈...)§≈.x≈..♣♣ ,
,
...♣♣.ykWX#x..♣.≈♣
*
..♣..##3.3...≈...♣
, ,
#X..#yn...x≈≈§≈≈§
♣X..5§##.@..≈#≈≈ *
#S3.X4§§.X#.≈..≈≈
≈ ≈
.x≈5#.w...x#≈.≈.≈.
≈ .
....5#...≈..≈.≈≈
.....v..55x5....≈.
+
.Z#.5.#.3.4.♣.♣♣≈.
.§X...dX..##... .
..#4......#♣t.. ≈
♣##...≈≈... ..


You could see an alligator (confused), a seven-headed hydra, a bog body, 2 swamp
worms, a swamp drake, 2 vampire mosquitoes, a neutral black draconian
(wandering), 2 neutral tentacled starspawn, a neutral large abomination, a
neutral rust devil, a neutral worldbinder, a neutral smoke demon, a neutral
ynoxinul, a neutral chaos spawn, a neutral wraith, 4 neutral small abominations,
a neutral insubstantial wisp, a neutral iron imp, a neutral quasit, a neutral
crimson imp and 2 neutral white imps.

Vanquished Creatures
  Nikola (Swamp:1)
  Jorgrun (Swamp:3)
  The ghost of Uhlv the Warrior, an adept HOFi of the Shining One (Swamp:4)
  A thorn hunter (Swamp:2)
  Aizul (Swamp:4)
  A very ugly thing (Swamp:3)
  Snorg (Orc:1)
  The ghost of F1L1N the Nimble, a journeyman TrBe of Trog (D:12)
  A vault guard (D:13)
  A fire dragon (Lair:8)
  An ice dragon (D:13)
  13 hydras
  A death knight (D:12)
  4 alligators
  Erica (D:8)
  12 death yaks
  A spriggan berserker (Swamp:2)
  A skeletal warrior (D:12)
  2 spriggan druids (Swamp:2)
  10 swamp dragons
  A shambling mangrove (Swamp:2)
  5 unseen horrors
  2 phantasmal warriors (D:12)
  2 hill giants
  9 orc knights (Orc:2)
  A deep elf mage (D:12)
  3 lindwurms
  A wizard (D:13)
  2 manticores
  8 ugly things
  5 griffons
  An orc sorcerer (Orc:1)
  3 torpor snails (Lair:8)
  7 elephants
  A black mamba (Lair:2)
  2 ice statues (IceCv)
  A gargoyle (D:12)
  19 spiny frogs
  14 komodo dragons
  2 rime drakes (Lair:8)
  A yaktaur (D:13)
  2 trolls
  A freezing wraith (D:12)
  A tengu conjurer (D:13)
  7 blink frogs
  10 polar bears
  A two-headed ogre (D:9)
  5 giant leeches
  A slime creature (Swamp:1)
  3 raiju (Lair:8)
  7 bog bodies
  3 spriggans (Swamp:2)
  2 vampires
  4 shadows
  Sigmund (D:2)
  64 yaks
  6 wyverns
  Eustachio (D:5)
  20 humans (D:13)
  13 hippogriffs
  3 basilisks
  A hungry ghost (D:9)
  14 vampire mosquitoes
  11 wargs
  3 nagas
  Edmund (D:6)
  16 swamp worms
  10 insubstantial wisps
  4 hell hounds (Lair:8)
  14 water moccasins
  16 porcupines
  15 black bears
  26 ice beasts
  38 orc warriors
  A slave (D:5)
  6 sky beasts
  12 wasps
  3 swamp drakes
  3 ogres
  3 necrophages
  2 phantoms
  25 wolves
  3 centaurs
  21 crocodiles
  3 big kobolds (D:11)
  12 giant frogs
  2 wyvern zombies
  2 scorpions
  12 killer bees
  4 wights (D:7)
  An electric eel (Lair:4)
  5 crimson imps
  9 howler monkeys
  7 centaur zombies
  A quasit (D:12)
  A giant frog zombie (D:10)
  A jelly (D:11)
  25 hounds
  26 orc wizards
  4 giant frog skeletons
  13 orc priests
  Crazy Yiuf (D:3)
  7 iguanas
  Jessica (D:2)
  Terence (D:3)
  6 hell rats (Lair:6)
  11 worker ants
  26 sheep
  3 big kobold zombies (Ossuary)
  2 mummies (Ossuary)
  Robin (D:3)
  13 gnolls
  7 adders
  A howler monkey skeleton (D:3)
  38 river rats
  3 shadow imps
  3 white imps (D:13)
  2 oozes
  An adder zombie (Ossuary)
  22 worms
  3 dart slugs
  9 giant geckos
  103 orcs
  12 bats
  8 giant cockroaches
  12 goblins
  10 hobgoblins
  14 jackals
  14 kobolds
  4 quokkas
  A ball python (D:2)
  A ball python skeleton (D:4)
  2 giant gecko skeletons
  2 giant gecko zombies
  7 giant newts
  11 hobgoblin zombies (Ossuary)
  A jackal zombie (Ossuary)
  7 kobold zombies (Ossuary)
  10 orc zombies (Ossuary)
  5 rats
  A fungus (Lair:8)
  4 plants
1067 creatures vanquished.

Vanquished Creatures (others)
  A slime creature (Swamp:1)
  A minotaur (Lab)
  2 ice dragons (IceCv)
  A ghost crab (Swamp:2)
  3 lindwurms (Lair:8)
  A hill giant (D:10)
  An elephant (Lair:8)
  2 black mambas
  4 torpor snails
  3 spiny frogs
  A komodo dragon (Lair:8)
  2 rime drakes
  A polar bear (Lair:8)
  A bog body (Swamp:2)
  2 raiju (Lair:8)
  A wyvern (Lair:4)
  A spriggan (Swamp:4)
  A basilisk (Lair:2)
  A hell hound (Lair:8)
  2 orc warriors (Orc:2)
  A wasp (Swamp:4)
  2 centaurs
  An adder (D:5)
  A shadow imp (D:5)
  27 fungi
  25 plants
89 creatures vanquished.

Grand Total: 1156 creatures vanquished

Notes
Turn   | Place    | Note
--------------------------------------------------------------
     0 | Abyss:1  | epen the Demonspawn Abyssal Knight began the quest for the Orb.
     0 | Abyss:1  | Reached XP level 1. HP: 18/18 MP: 2/2
     7 | D:1      | Escaped the Abyss
    77 | D:1      | Reached skill level 1 in Dodging
    87 | D:1      | Gained mutation: Your flesh is cold resistant. [demonic ancestry]
    87 | D:1      | Reached XP level 2. HP: 9/24 MP: 3/3
   756 | D:1      | Reached ** piety under Lugonu
   785 | D:1      | Reached XP level 3. HP: 29/29 MP: 3/5
  1220 | D:2      | Noticed Jessica
  1233 | D:2      | Killed Jessica
  1233 | D:2      | Reached skill level 3 in Invocations
  1236 | D:2      | Reached XP level 4. HP: 32/35 MP: 6/6
  1340 | D:2      | Noticed Sigmund
  1353 | D:2      | Killed Sigmund
  1353 | D:2      | Reached skill level 4 in Invocations
  1353 | D:2      | Gained mutation: You have large cloven feet. [demonic ancestry]
  1353 | D:2      | Reached XP level 5. HP: 33/42 MP: 6/8
  1604 | D:2      | Found a deep blue altar of Sif Muna.
  1673 | D:3      | Noticed Robin
  1684 | D:3      | Reached *** piety under Lugonu
  1691 | D:3      | Killed Robin
  1798 | D:3      | Reached XP level 6. HP: 46/48 MP: 9/9
  1944 | D:3      | Noticed Crazy Yiuf
  1948 | D:3      | Killed Crazy Yiuf
  2027 | D:3      | Reached skill level 5 in Invocations
  2053 | D:3      | Reached **** piety under Lugonu
  2086 | D:3      | Noticed Terence
  2100 | D:3      | Killed Terence
  2551 | D:4      | Reached XP level 7. HP: 44/54 MP: 9/11
  2613 | D:4      | Found a blossoming altar of Fedhas.
  2770 | D:4      | Reached ***** piety under Lugonu
  2787 | D:4      | Reached skill level 6 in Invocations
  3232 | D:4      | Found Tatiumi's Gadget Shop.
  3430 | D:5      | Entered Level 5 of the Dungeon
  3869 | D:5      | Reached XP level 8. HP: 61/61 MP: 13/13
  3872 | D:5      | Noticed Pikel
  3891 | D:5      | Banished Pikel
  3891 | D:5      | Reached skill level 5 in Long Blades
  3891 | D:5      | Reached skill level 7 in Invocations
  3927 | D:5      | Noticed Eustachio
  3935 | D:5      | Killed Eustachio
  4005 | D:5      | Found a burning altar of Makhleb.
  4551 | D:6      | Reached skill level 5 in Fighting
  4556 | D:6      | Reached skill level 8 in Invocations
  4682 | D:6      | Noticed Grinder
  4684 | D:6      | Banished Grinder
  4684 | D:6      | Reached XP level 9. HP: 58/68 MP: 15/15
  4827 | D:6      | Noticed Edmund
  4839 | D:6      | Killed Edmund
  5026 | D:6      | Found a sacrificial altar of Ru.
  5034 | D:6      | Reached skill level 9 in Invocations
  5459 | D:7      | Found a staircase to the Ecumenical Temple.
  5619 | D:7      | Found a shadowy altar of Dithmenos.
  5668 | D:7      | Reached skill level 5 in Armour
  5836 | D:7      | Reached skill level 5 in Dodging
  6040 | D:7      | Reached skill level 10 in Invocations
  6237 | D:8      | Gained mutation: You have hoof-like feet. [demonic ancestry]
  6237 | D:8      | Reached XP level 10. HP: 74/76 MP: 17/17
  6305 | D:8      | Found a sand-covered staircase.
  6321 | Ossuary  | Entered an ossuary
  6608 | D:8      | Noticed Erica
  6617 | D:8      | Killed Erica
  7030 | D:8      | Got an ancient long sword
  7032 | D:8      | Identified the +2 long sword of the Peculiar Gods {freeze, *Contam rC+ Int+4} (You found it on level 8 of the Dungeon)
  7230 | D:9      | Reached ****** piety under Lugonu
  7360 | D:9      | Reached skill level 11 in Invocations
  7748 | D:9      | Found a staircase to the Lair.
  8061 | D:9      | Gained mutation: Your magical capacity is low (-10% MP). [potion of mutation]
  8061 | D:9      | Gained mutation: Your spells are a little easier to cast, but a little less powerful. [potion of mutation]
  8392 | D:9      | Gained mutation: Your movements are slightly less encumbered by armour (ER -2). [potion of mutation]
  8392 | D:9      | Gained mutation: You have supernaturally acute eyesight. [potion of mutation]
  8394 | D:9      | Gained mutation: Your natural rate of healing is unusually fast. [potion of mutation]
  8394 | D:9      | Gained mutation: Your body sometimes deteriorates upon taking damage. [potion of mutation]
  8395 | D:9      | Gained mutation: Your system is resistant to poisons. [potion of mutation]
  8395 | D:9      | Gained mutation: You passively map a small area around you. [potion of mutation]
  8395 | D:9      | Gained mutation: You are weak. (Str -2) [potion of mutation]
  8396 | D:9      | Lost mutation: Your magical capacity is low (-10% MP). [potion of mutation]
  8396 | D:9      | Lost mutation: Your body sometimes deteriorates upon taking damage. [potion of mutation]
  8755 | D:10     | Entered Level 10 of the Dungeon
  8795 | D:10     | Reached XP level 11. HP: 83/83 MP: 19/19
  8927 | D:10     | Noticed a hill giant
  8938 | D:10     | Banished a hill giant
  9036 | D:10     | Found Fagreiq's Magic Scroll Shoppe.
  9040 | D:10     | Bought a scroll of blinking for 105 gold pieces
  9040 | D:10     | Bought a scroll of teleportation for 42 gold pieces
  9254 | D:10     | Found a shimmering altar of Xom.
  9316 | D:10     | Noticed an unseen horror
  9332 | D:10     | Killed an unseen horror
  9416 | D:10     | Reached skill level 12 in Invocations
  9432 | D:10     | Found a roughly hewn altar of Beogh.
  9542 | D:10     | Noticed a hill giant
  9548 | D:10     | Killed a hill giant
  9548 | D:10     | Reached skill level 1 in Evocations
  9851 | Lair:1   | Entered Level 1 of the Lair of Beasts
 10905 | Lair:2   | HP: 4/84 [poisoned by a black mamba]
 10911 | Lair:2   | HP: 4/84 [poisoned by a black mamba]
 11936 | Lair:3   | Reached XP level 12. HP: 80/91 MP: 21/21
 12594 | Lair:4   | Reached skill level 13 in Invocations
 12673 | Lair:4   | Noticed a seven-headed hydra
 12681 | Lair:4   | Killed a four-headed hydra
 12863 | Lair:4   | Reached skill level 10 in Long Blades
 13480 | Lair:4   | Got a crystal rapier
 13486 | Lair:4   | Identified the +8 rapier "Sismeliv" {elec, Str+2} (You found it on level 4 of the Lair of Beasts)
 14031 | Lair:5   | Noticed a death yak
 14031 | Lair:5   | Noticed a death yak
 14033 | Lair:5   | Found a frozen archway.
 14038 | IceCv    | Entered an ice cave
 14686 | IceCv    | Noticed an ice dragon
 14686 | IceCv    | Noticed an ice dragon
 14689 | IceCv    | Banished an ice dragon
 14700 | IceCv    | Banished an ice dragon
 15113 | Lair:5   | Killed a death yak
 15130 | Lair:5   | Killed a death yak
 15130 | Lair:5   | Reached skill level 14 in Invocations
 15219 | Lair:5   | Found a staircase to the Snake Pit.
 15427 | Lair:5   | Noticed a death yak
 15427 | Lair:5   | Noticed a death yak
 15436 | Lair:5   | Noticed a death yak
 15438 | Lair:5   | Noticed a death yak
 15448 | Lair:5   | Killed a death yak
 15448 | Lair:5   | Gained mutation: You sometimes gain a little power by taking damage. [demonic ancestry]
 15448 | Lair:5   | Reached XP level 13. HP: 63/99 MP: 23/23
 16435 | Lair:6   | Found a white marble altar of Elyvilon.
 16448 | Lair:6   | Found a staircase to the Swamp.
 16636 | Lair:6   | Reached skill level 5 in Evocations
 17202 | Lair:6   | Reached skill level 10 in Dodging
 17933 | Lair:7   | Found a dark tunnel.
 17978 | Volcano  | Entered a volcano
 18137 | Lair:7   | Reached skill level 15 in Invocations
 18415 | Lair:8   | Entered Level 8 of the Lair of Beasts
 18427 | Lair:8   | Found a staircase to the Slime Pits.
 18727 | Lair:8   | Gained mutation: You are immune to freezing clouds. [demonic ancestry]
 18727 | Lair:8   | Reached XP level 14. HP: 54/108 MP: 25/25
 18737 | Lair:8   | Found a runed door.
 18762 | Lair:8   | Found a labyrinth entrance.
 18783 | Lab      | Entered a labyrinth
 20899 | Lair:8   | Reached skill level 16 in Invocations
 21653 | Lair:7   | Identified a scroll of acquirement
 22752 | D:12     | Gained mutation: You are partially covered in iridescent scales (AC +4). [demonic ancestry]
 22752 | D:12     | Reached XP level 15. HP: 73/115 MP: 27/27
 22776 | D:12     | Reached skill level 10 in Fighting
 22776 | D:12     | Reached XP level 16. HP: 100/122 MP: 28/28
 23375 | D:12     | Found a staircase to the Orcish Mines.
 23529 | D:12     | Noticed F1L1N's ghost (journeyman TrBe)
 23558 | D:12     | Killed F1L1N's ghost
 23915 | D:13     | Found a snail-covered altar of Cheibriados.
 24136 | D:13     | Reached skill level 17 in Invocations
 24254 | D:13     | Found a gate to the Vaults.
 24929 | Orc:1    | Entered Level 1 of the Orcish Mines
 25108 | Orc:1    | Noticed Snorg
 25122 | Orc:1    | Killed Snorg
 25223 | Orc:2    | Entered Level 2 of the Orcish Mines
 25261 | Orc:1    | Noticed Maud
 25263 | Orc:1    | Banished Maud
 25293 | Orc:1    | Found a roughly hewn altar of Beogh.
 25887 | Orc:2    | Found Tytosas's Distillery.
 26020 | Orc:2    | Bought a potion of heal wounds for 65 gold pieces
 26020 | Orc:2    | Bought a potion of curing for 39 gold pieces
 26020 | Orc:2    | Bought a potion of curing for 39 gold pieces
 26025 | Orc:2    | Found Yckaseg's Distillery.
 26066 | Orc:2    | Bought a potion of curing for 30 gold pieces
 26066 | Orc:2    | Bought a potion of curing for 30 gold pieces
 26066 | Orc:2    | Bought a potion of heal wounds for 50 gold pieces
 26066 | Orc:2    | Bought a potion of curing for 30 gold pieces
 26066 | Orc:2    | Bought 2 potions of curing for 60 gold pieces
 26151 | Orc:2    | Found a roughly hewn altar of Beogh.
 26223 | Orc:2    | Found Meimov's General Store.
 26293 | Orc:2    | Bought a potion of curing for 48 gold pieces
 26370 | Orc:2    | Found Ogismap's General Store.
 26441 | Orc:2    | Bought a scroll of identify for 30 gold pieces
 26441 | Orc:2    | Bought a scroll of identify for 30 gold pieces
 26441 | Orc:2    | Bought a potion of curing for 45 gold pieces
 26441 | Orc:2    | Bought a scroll of fear for 52 gold pieces
 26633 | Orc:2    | Found a staircase to the Elven Halls.
 26789 | Orc:2    | Found a roughly hewn altar of Beogh.
 27321 | Swamp:1  | Entered Level 1 of the Swamp
 27352 | Swamp:1  | Noticed Nikola
 27366 | Swamp:1  | Killed Nikola
 28507 | Swamp:2  | Noticed a thorn hunter
 28521 | Swamp:2  | Killed a thorn hunter
 29456 | Swamp:3  | Reached XP level 17. HP: 92/131 MP: 29/29
 29559 | Swamp:3  | Noticed Jorgrun
 29577 | Swamp:3  | Killed Jorgrun
 29614 | Swamp:3  | Reached skill level 18 in Invocations
 29816 | Swamp:3  | Reached skill level 10 in Armour
 30262 | Swamp:4  | Entered Level 4 of the Swamp
 30449 | Swamp:4  | Noticed Aizul
 30495 | Swamp:4  | Killed Aizul
 30709 | Swamp:4  | Noticed Uhlv's ghost (adept HOFi)
 31404 | Swamp:4  | Killed Uhlv's ghost
 31662 | Swamp:4  | Corrupted Swamp:4
 31663 | Swamp:4  | Killed from afar by a bog body

Skill      XL: |  1  2  3  4  5  6  7  8  9 10 11 12 13 14 15 16 17 |
---------------+----------------------------------------------------+-----
Dodging        | 1 2 3 4 5 6 8 9 10 11 12 13 | 13.2
Long Blades    | 2 3 4 6 7 8 9 10 11 12 13 | 13.7
Armour         | 2 3 4 5 6 7 8 9 10 | 10.1
Invocations    | 3 4 5 6 8 10 11 12 14 15 16 17 18 | 18.3
Fighting       | 4 5 6 7 8 9 10 11 | 11.3
Evocations     | 2 4 5 7 8 9 |  9.1

Action                   |  1- 3 |  4- 6 |  7- 9 | 10-12 | 13-15 | 16-18 || total
-------------------------+-------+-------+-------+-------+-------+-------++-------
Melee: Falchion          |    43 |       |       |       |       |       ||    43
       Short sword       |    51 |   150 |    83 |       |       |       ||   284
       Kick              |       |    28 |   106 |   268 |   373 |    75 ||   850
       Dagger            |       |       |   281 |    91 |       |       ||   372
       Long sword        |       |       |       |   315 |       |       ||   315
       Scimitar          |       |       |       |   272 |    32 |    46 ||   350
       Rapier            |       |       |       |   206 |  1010 |   711 ||  1927
       Great sword       |       |       |       |       |       |   480 ||   480
Invok: Banish            |       |       |     4 |    13 |    19 |     6 ||    42
       Bend Space        |       |       |       |       |       |     1 ||     1
       Corrupt           |       |       |       |       |       |     1 ||     1
Evoke: Wand              |       |       |       |     1 |     1 |     1 ||     3
  Use: Scroll            |       |       |    10 |    17 |     6 |    11 ||    44
       Potion            |       |       |       |     9 |     3 |     6 ||    18
 Stab: Distracted        |       |       |     1 |       |       |       ||     1
       Invisible         |       |       |     1 |       |       |       ||     1
       Paralysed         |       |       |     1 |       |       |       ||     1
  Eat: Chunk             |     1 |     4 |    13 |    26 |    20 |    22 ||    86
       Fruit             |       |       |     1 |       |     3 |       ||     4
       Royal jelly       |       |       |       |     1 |     1 |     5 ||     7
       Beef jerky        |       |       |       |     3 |       |       ||     3
       Bread ration      |       |       |       |     1 |       |       ||     1
       Meat ration       |       |       |       |       |     1 |       ||     1
Armor: Leather armour    |    10 |       |       |       |       |       ||    10
       Ring mail         |    16 |    55 |       |       |       |       ||    71
       Scale mail        |       |    18 |   152 |   122 |       |       ||   292
       Skin              |       |       |       |    14 |       |       ||    14
       Plate armour      |       |       |       |   380 |   149 |       ||   529
       Fire dragon armou |       |       |       |       |   351 |   616 ||   967
Dodge: Dodged            |    63 |    93 |   171 |   436 |   690 |   962 ||  2415
